 Dungeon Crawl Stone Soup version 0.20.0-10-g0535bb4 (webtiles) character file.

98 straycat the Ducker (level 4, -3/34 HPs)
             Began as a Vampire Fighter on June 6, 2017.
             Slain by a gnoll
             ... wielding a +0 spear
              (6 damage)
             ... on level 3 of the Dungeon.
             The game lasted 00:05:51 (2228 turns).

straycat the Ducker (Vampire Fighter)               Turns: 2228, Time: 00:05:51

Health: -3/34      AC:  6    Str: 21    XL:     4   Next: 43%
Magic:  4/4        EV: 12    Int: 10    God:
Gold:   126        SH:  0    Dex: 13    Spells: 3/3 levels left

rFire    . . .     SeeInvis +   a - +0 rapier
rCold    + . .     Gourm    .   (no shield)
rNeg     + + .     Faith    .   b - +0 scale mail
rPois    +         Spirit   .   (no helmet)
rElec    .         Reflect  .   (no cloak)
rCorr    .         Harm     .   (no gloves)
MR       .....                  (no boots)
Stlth    +.........             (no amulet)
Regen    0.1/turn               (no ring)
MPRegen  0.1/turn               (no ring)

@: mighty, regenerating slowly
A: fangs 3, see invisible, unbreathing
a: Bat Form


You were on level 3 of the Dungeon.
You were thirsty.

You visited 1 branch of the dungeon, and saw 3 of its levels.

You collected 126 gold pieces.

Inventory:

Hand Weapons
 a - a +0 rapier (weapon)
 r - a +0 hunting sling
Missiles
 f - 166 stones (quivered)
 j - 31 poisoned needles
 s - 17 arrows
 v - 9 bolts
Armour
 b - a +0 scale mail (worn)
 c - a +0 shield
 o - a +1 cloak
Scrolls
 g - a scroll of teleportation {unknown}
 i - a scroll of fog {unknown}
 l - a scroll of magic mapping {unknown}
 m - a scroll of recharging {unknown}
 n - a scroll of remove curse {unknown}
 p - a scroll of identify {unknown}
Potions
 d - a potion of might
 e - 23 potions of blood
 h - a potion of berserk rage {unknown}
 k - 2 potions of heal wounds {unknown}
 q - a potion of curing {unknown}
 t - 2 potions of haste {unknown}
 u - a potion of degeneration {unknown}


   Skills:
 - Level 2.6 Fighting
 - Level 2.1 Short Blades
 - Level 2.4 Armour
 * Level 4.5 Dodging
 - Level 2.6 Shields


You had 3 spell levels left.
You didn't know any spells.

Dungeon Overview and Level Annotations

Branches:
Dungeon (3/15)

Altars:
Ashenzari
Uskayaw


Innate Abilities, Weirdness & Mutations

You heal slowly.
You have razor-sharp teeth.
You have supernaturally acute eyesight. (SInv)
You can survive without breathing.


Message History

The gnoll barely misses you.
A worm comes into view.
You hit the gnoll.
The gnoll is moderately wounded.
The gnoll barely misses you. The gnoll closely misses you.
You hit the gnoll.
The gnoll is severely wounded.
The gnoll hits you with a spear. The gnoll closely misses you.
You barely miss the gnoll. You bite the gnoll.
You draw the gnoll's blood!
You feel better.
You feel slightly less thirsty.
The gnoll is severely wounded.
The gnoll hits you but does no damage. The gnoll barely misses you.
You barely miss the gnoll.
The gnoll is severely wounded.
The gnoll misses you. The gnoll hits you.
The gnoll hits you from afar with a spear!
* * * LOW HITPOINT WARNING * * *
You feel very mighty all of a sudden. The gnoll hits you with a spear.
You die...

.#.##...........
.#..............##.......
.#.##.#..#...............
.#.##.......#......w.....
.....)...#..##...........
.#.##........#.........#
.#.##.............g....#
.................g.....##
###.#.......##..@g.......
###.#.##.........#.....##
.##.#.##.................
.........#.....####......
..................#......
.####...##...#.####.....#
..........#..#.####......
..........#....รท.........
..........#..#.####.....


You could see a worm and 3 gnolls.

Vanquished Creatures
  4 adders
  2 worms
  A dart slug (D:2)
  2 leopard geckos (D:2)
  An orc (D:3)
  8 bats
  A giant cockroach (D:3)
  9 goblins
  7 hobgoblins
  2 jackals (D:2)
  3 quokkas (D:2)
  3 frilled lizards
  2 kobolds (D:2)
  6 rats
51 creatures vanquished.

Notes
Turn   | Place    | Note
-------+----------+-------------------------------------------
     0 | D:1      | straycat the Vampire Fighter began the quest for the Orb.
     0 | D:1      | Reached XP level 1. HP: 17/17 MP: 1/1
    84 | D:1      | Reached skill level 1 in Dodging
   138 | D:1      | You fall through a shaft!
   170 | D:2      | Found a shattered altar of Ashenzari.
   202 | D:2      | Reached XP level 2. HP: 13/23 MP: 2/2
   270 | D:2      | Reached skill level 2 in Dodging
   484 | D:2      | Reached XP level 3. HP: 10/28 MP: 3/3
   569 | D:2      | Reached skill level 3 in Dodging
  1247 | D:1      | Reached skill level 4 in Dodging
  1272 | D:1      | Reached XP level 4. HP: 34/34 MP: 4/4
  1988 | D:3      | Found a hide-covered altar of Uskayaw.
  2228 | D:3      | Slain by a gnoll

Skill      XL: |  1  2  3 |
---------------+----------+-----
Dodging        | 1 2 4 |  4.5
Fighting       | |  2.6
Short Blades   | |  2.1
Armour         | |  2.4
Shields        | |  2.6

Action                   |  1- 3 |  4- 6 || total
-------------------------+-------+-------++-------
Melee: Rapier            |   109 |    71 ||   180
       Bite              |     9 |     7 ||    16
  Use: Potion            |       |     2 ||     2
  Eat: Corpse            |     1 |     1 ||     2
Armor: Scale mail        |    62 |    16 ||    78
Dodge: Dodged            |    80 |    36 ||   116
